 Dungeon Crawl Stone Soup version 0.26-a0-707-g31817bcca1 (webtiles) character file.

Game seed: 4220280280611086092

785384 pantherbaby0 the Conqueror (level 27, -12/245 HPs)
             Began as a Minotaur Berserker on Oct 25, 2020.
             Was a High Priest of Trog.
             Killed from afar by a Killer Klown (51 damage)
             ... with a klown pie
             ... on level 5 of the Realm of Zot on Oct 26, 2020.
             The game lasted 05:32:33 (91666 turns).

pantherbaby0 the Conqueror (Minotaur Berserker)    Turns: 91666, Time: 05:32:40

Health: -12/245    AC: 54    Str: 25    XL:     27
Magic:  28/28      EV: 18    Int: 16    God:    Trog [*****.]
Gold:   3838       SH:  5    Dex: 29    Spells: 26/26 levels left

rFire    + + .     SeeInvis +   a - +9 executioner's axe "Caaqapig" {flame, rPois Int+4}
rCold    + + +     Faith    .   (shield currently unavailable)
rNeg     + + .     Spirit   .   W - +13 crystal plate armour of the Flute {Harm rElec rC+++ Dex-3}
rPois    +         Reflect  +   i - +0 mask of the Dragon {MR+ Slay+3 SInv}
rElec    +         Harm     +   X - +2 cloak of Toothy Intercession {-Cast rElec MR+ Dex+10}
rCorr    +         Rampage  .   d - +2 pair of gloves {Dex+3}
MR       +++++     NoCast   +   U - +0 pair of boots of Action {rCorr}
Stlth    ..........             M - amulet of Baeru {Reflect Str-4 Int+6 SH+5}
HPRegen  1.50/turn              N - ring "Feurr" {Fire MP+9 Dex+7}
MPRegen  0.21/turn              Y - ring "Gysilinass" {rF+ rN++ Dex-2}

@: resistant, fire vulnerable, no potions, very slightly contaminated,
regenerating, invisible
A: retaliatory headbutt, horns 2, blurry vision 1, frail 1, low mp 1, screaming
1
}: 4/15 runes: decaying, serpentine, slimy, silver
a: Berserk, Trog's Hand, Brothers in Arms, Renounce Religion


You were on level 5 of the Realm of Zot.
You worshipped Trog.
Trog was extremely pleased with you.
You visited 12 branches of the dungeon, and saw 58 of its levels.
You visited the Abyss 1 time.
You visited 1 bazaar.
You also visited: Trove, Ossuary, Bailey, Gauntlet and Ice Cave.

You collected 11299 gold pieces.
You spent 7461 gold pieces at shops.

Inventory:

Hand Weapons
 a - the +9 executioner's axe "Caaqapig" (weapon) {flame, rPois Int+4}
   (Trog gifted it to you on level 9 of the Dungeon)

   It has been specially enchanted to burn those struck by it, causing extra
   injury to most foes and up to half again as much damage against particularly
   susceptible opponents.
   Big, fiery blades are also staple armaments of hydra-hunters.
   It affects your intelligence (+4).
   It protects you from poison.
 b - the +7 lajatang of Order {silver, rMut}
   (You bought it in a shop on level 4 of the Depths)

   It protects you from mutation.
 l - a +6 great mace of holy wrath
 r - a +9 executioner's axe of electrocution
 K - a +9 executioner's axe of freezing
Missiles
 t - 48 silver javelins (quivered)
Armour
 d - a +2 pair of gloves of dexterity (worn)
 i - the +0 mask of the Dragon (worn) {MR+ Slay+3 SInv}
   (You bought it in a shop on level 2 of the Elven Halls)

   It affects your accuracy and damage with ranged weapons and melee attacks
   (+3).
   It affects your resistance to hostile enchantments.
   It lets you see invisible.
 L - the +1 fire dragon scales "Tamaar" {Rampage rF++ rC- rN+ MP+9 Str+2 SInv}
   (You found it on level 4 of the Depths)

   It affects your strength (+2).
   It greatly protects you from fire.
   It makes you vulnerable to cold.
   It protects you from negative energy.
   It affects your magic capacity (+9).
   It lets you see invisible.
   It bestows one free step when moving towards enemies.
 U - the +0 pair of boots of Action (worn) {rCorr}
   (You found it on level 2 of the Swamp)

   It provides partial protection from all sources of acid and corrosion.
 W - the +13 crystal plate armour of the Flute (worn) {Harm rElec rC+++ Dex-3}
   (You found it in a treasure trove)

   It affects your dexterity (-3).
   It renders you almost immune to cold.
   It insulates you from electricity.
   It increases damage dealt and taken.
 X - the +2 cloak of Toothy Intercession (worn) {-Cast rElec MR+ Dex+10}
   (You took it off a draconian monk on level 4 of the Realm of Zot)

   It affects your dexterity (+10).
   It insulates you from electricity.
   It affects your resistance to hostile enchantments.
   It prevents spellcasting.
Jewellery
 A - the ring "Tumiziusa" {rPois rN+ MR+ Dex-2}
   (You acquired it on level 3 of the Elven Halls)

   [ring of protection from magic]

   It affects your dexterity (-2).
   It protects you from poison.
   It protects you from negative energy.
   It affects your resistance to hostile enchantments.
 M - the amulet of Baeru (around neck) {Reflect Str-4 Int+6 SH+5}
   (You bought it in a shop in a bazaar)

   [amulet of reflection]

   It shields you and reflects attacks.
   It affects your strength (-4).
   It affects your intelligence (+6).
   It affects your SH (+5).
 N - the ring "Feurr" (left hand) {Fire MP+9 Dex+7}
   (You found it in a treasure trove)

   [ring of fire]

   It enhances your fire magic.
   It affects your dexterity (+7).
   It protects you from fire.
   It makes you vulnerable to cold.
   It affects your magic capacity (+9).
 Y - the ring "Gysilinass" (right hand) {rF+ rN++ Dex-2}
   (You found it on level 3 of the Elven Halls)

   [ring of protection from fire]

   It affects your dexterity (-2).
   It protects you from fire.
   It greatly protects you from negative energy.
Wands
 g - a wand of polymorph (32)
 n - a wand of acid (30)
 q - a wand of enslavement (23)
 v - a wand of digging (2)
 w - a wand of paralysis (36)
 x - a wand of flame (97)
 G - a wand of iceblast (43)
 V - a wand of disintegration (148)
Scrolls
 c - 31 scrolls of teleportation
 e - 13 scrolls of fog
 f - 17 scrolls of enchant armour
 h - 34 scrolls of remove curse
 k - 4 scrolls of magic mapping
 u - a scroll of silence
 y - 6 scrolls of holy word
 B - 5 scrolls of fear
 F - 11 scrolls of blinking
 O - a scroll of acquirement
 Q - 12 scrolls of identify
 T - 5 scrolls of summoning
Potions
 j - 15 potions of mutation
 m - 12 potions of curing
 o - 7 potions of invisibility
 p - 2 potions of flight
 s - 3 potions of berserk rage
 z - 6 potions of ambrosia
 D - 5 potions of might
 E - 3 potions of magic
 H - 5 potions of stabbing
 J - 8 potions of cancellation
 P - 4 potions of haste
 R - 8 potions of heal wounds
 S - 5 potions of resistance
Miscellaneous
 C - the horn of Geryon (inert)


   Skills:
 O Level 27 Fighting
 O Level 27 Axes
 - Level 11.6(21.9) Maces & Flails
   Level 0.7(19.8) Polearms
 - Level 12.2(14.0) Staves
 - Level 16.0 Throwing
 O Level 27 Armour
 + Level 13.8 Dodging
 - Level 0.3 Stealth
 O Level 27 Evocations


You had 26 spell levels left.
You didn't know any spells.
Your spell library was empty.

Dungeon Overview and Level Annotations

Branches:
Dungeon (15/15)            Temple (0/1) D:4            Lair (6/6) D:8
  Swamp (4/4) Lair:2        Snake (4/4) Lair:3        Slime (5/5) Lair:5
    Orc (2/2) D:12            Elf (3/3) Orc:2        Vaults (5/5) D:13
  Crypt (3/3) Vaults:2       Tomb (0/3) Crypt:3      Depths (5/5) D:15
   Hell (visited)             Zot (5/5) Depths:5    Ossuary (visited)
 Bailey (visited)           IceCv (visited)         Gauntlet (visited)
    Dis: Hell:1         Geh: Hell:1         Coc: Hell:1         Tar: Hell:1

Altars:
Ashenzari
Cheibriados
Gozag
Hepliaklqana
Kikubaaqudgha
Makhleb
Nemelex Xobeh
Qazlal
Sif Muna
Trog
Vehumet
Xom
Yredelemnul
The Shining One
Beogh
Jiyva

Shops:
D:5 *   D:8 [   D:14 (   Orc:1 (   Orc:2 *}=*   Elf:1 =   Elf:2 [   Snake:2 *
Vaults:2 :   Vaults:3 ?!(   Vaults:4 (   Depths:4 *:

Portals:
Hell: Lair:6 Depths:1 Depths:2 Depths:3 Depths:4 Depths:5
Abyss: Depths:2 Depths:4 Depths:5
Pandemonium: Depths:3
Ziggurat: Depths:2


Innate Abilities, Weirdness & Mutations

You reflexively headbutt those who attack you in melee.
You have a pair of horns on your head.
Scrolls take you a little longer to read.
You are frail. (-10% HP)
Your magical capacity is low. (-10% MP)
You occasionally shout uncontrollably at your foes.


Message History

The ancient lich stumbles backwards!
You cannot drink potions in your current state!
Really read the scroll of holy word near your hell beasts?
Okay, then.
Really read with blurry vision while enemies are nearby?
Okay, then.
Your skin crawls.
You feel resistant to hostile enchantments.
Your hell beast is no longer mute.
Your hell beast misses the electric golem.
Your hell beast closely misses the electric golem.
The ancient lich touches your hell beast.
Your hell beast closely misses the ancient lich.
Your hell beast tramples the ancient lich but does no damage.
The reaper hits you from afar with a +0 scythe of protection!!
* * * LOW HITPOINT WARNING * * *
The Killer Klown throws klown pie at you.
The klown pie hits you!!!
Cherry!
Cherry-coloured flames burn away your fire resistance!
You die...

**,,,,,...............,,*,,,,,,
**,,,,.[........[....,,,,,,,,,
**,,,,,...........^...,,*,^,,,,
**,,,,,,...............,,**,,,,,
*,,,,,,,...............,,***,,,,
*,,,,,,,......Xp...^...^,* *****
**,,,,,,.....2§2.......,**
**^,,,,.....8*Lp2....▓**
****,,......D@...▓▓▓▓
***▓▓▓▓▓▓▓▓▓▓▓▓


You could see an orb of fire, 2 Killer Klowns, an electric golem, a shadow
dragon, an ancient lich, an Orb Guardian, a reaper (summoned) and 2 friendly
hell beasts.

Vanquished Creatures
  Dissolution (Slime:2)
  the Royal Jelly (Slime:5)
  2 orbs of fire
  2 ancient liches
  The ghost of Paarhy the Hoplite, a legendary MfBe of Trog (Vaults:3)
  2 juggernauts
  The ghost of Kysem the Slayer, a master BaIE of Ashenzari (Zot:4)
  4 Killer Klowns
  Bai Suzhen (Depths:3)
  6 caustic shrikes
  Xtahua (Vaults:4)
  Geryon (Hell)
  18 golden dragons
  A profane servitor (Crypt:3)
  2 bone dragons
  Rupert (Snake:1)
  8 electric golems
  The ghost of
  1994 the Peltast, an adept DsNe of Kikubaaqudgha (Elf:3)
  19 tentacled monstrosities
  5 liches
  The ghost of Ynisk the Swashbuckler, an adept HaHu of Okawaru (Vaults:3)
  The ghost of Ynisk the Swashbuckler, an adept HaHu of Okawaru (Vaults:3)
  The ghost of Ynisk the Swashbuckler, an adept HaHu of Okawaru (Vaults:4)
  5 titans
  Asterion (Elf:1)
  18 Orb Guardians (Zot:5)
  10 quicksilver dragons
  4 deep elf blademasters
  6 deep elf master archers (Elf:3)
  A sphinx (Vaults:5)
  31 acid blobs
  11 death cobs
  An ancient champion (Crypt:2)
  A thorn hunter (Swamp:4)
  Kirke (D:15)
  Agnes (Snake:1)
  13 shadow dragons
  12 storm dragons
  7 tengu reavers
  7 nagarajas
  11 draconian monks
  4 revenants
  19 fire giants
  18 azure jellies
  10 draconian shifters
  An orc warlord (Orc:2)
  8 deep elf sorcerers
  13 vault wardens
  20 frost giants
  4 ghost moths
  An azure jelly (shapeshifter) (Depths:4)
  6 draconian scorchers
  A cacodemon (Elf:3)
  An iron dragon (Depths:4)
  14 ghouls
  6 draconian knights
  3 curse skulls
  9 draconian annihilators
  27 ironheart preservers
  3 draconian stormcallers
  3 deep elf elementalists (Elf:3)
  The ghost of Keaj the Unseen, an adept FeCK of Zin (Vaults:3)
  4 reapers
  An entropy weaver (Vaults:3)
  33 very ugly things
  8 spriggan defenders
  5 deep elf demonologists
  24 stone giants
  12 green draconians
  5 vampire knights
  16 black draconians
  9 deep elf annihilators
  12 yellow draconians
  A minotaur (Gauntlet)
  12 red draconians
  18 white draconians
  12 spark wasps
  A spark wasp (shapeshifter) (Vaults:1)
  19 purple draconians
  12 eidola
  2 dire elephants (Lair:6)
  12 ettins
  6 deep elf death magi
  2 merfolk impalers
  A merfolk javelineer (Depths:1)
  A mummy priest (Crypt:3)
  Josephine (Snake:1)
  9 death oozes
  2 quicksilver dragon zombies (Crypt:3)
  21 vault guards
  10 fire dragons
  3 jiangshi (Crypt:2)
  4 rakshasas (Depths:4)
  6 deep elf high priests
  A quicksilver dragon skeleton (Crypt:1)
  13 ice dragons
  14 yaktaur captains
  22 great orbs of eyes
  2 catoblepae
  28 hydras
  23 naga warriors
  9 spriggan air magi
  21 anacondas
  12 centaur warriors
  2 shambling mangroves
  5 boulder beetles
  14 deep troll shamans
  33 dancing weapons
  15 alligators
  6 tengu warriors
  49 two-headed ogres
  A queen ant (shapeshifter) (Depths:4)
  4 death yaks (Lair:6)
  9 deep troll earth magi
  3 titan zombies
  17 ogre magi
  13 death knights
  15 naga sharpshooters
  8 spriggan berserkers
  3 vampire magi
  5 small abominations
  7 shock serpents
  4 orc high priests
  24 deep elf knights
  5 sun demons (Hell)
  15 hell knights
  3 soul eaters
  Nergalle (Lair:1)
  A sixfirhy (Gauntlet)
  2 unseen horrors (shapeshifter)
  The ghost of Shaidar the Shield-Bearer, a novice GnFi of Okawaru (D:8)
  5 shadow wraiths
  11 iron trolls
  16 skeletal warriors
  An anaconda zombie (Crypt:3)
  8 salamander mystics
  7 unseen horrors
  6 naga ritualists
  14 flayed ghosts
  4 lindwurms (Snake:4)
  50 deep trolls
  3 spriggan druids
  14 glowing orange brains
  A sea snake (shapeshifter) (D:13)
  3 wizards
  A harpy (shapeshifter) (Depths:1)
  7 harpies
  17 phantasmal warriors
  11 swamp dragons
  12 deep elf archers
  72 deep elf magi
  9 ironbrand convokers
  5 necromancers
  13 mana vipers
  49 ugly things
  A fire giant zombie (Crypt:3)
  10 wolf spiders
  A salamander (shapeshifter) (D:13)
  20 orc knights
  A shadow dragon skeleton (Crypt:1)
  8 orc sorcerers
  A wolf spider zombie (Crypt:3)
  A frost giant zombie (Crypt:3)
  A manticore (shapeshifter) (Vaults:4)
  12 salamanders
  7 cyclopes
  A wolf spider (shapeshifter) (Vaults:2)
  26 moths of wrath
  A dire elephant zombie (Crypt:3)
  4 ice statues (IceCv)
  2 shining eyes
  A rust devil (Depths:4)
  9 large abominations
  An elephant (Lair:6)
  50 black mambas
  2 shock serpent zombies
  19 vault sentinels
  30 naga magi
  A human skeleton (Vaults:2)
  3 eyes of devastation
  11 guardian serpents
  A shock serpent skeleton (Crypt:1)
  2 cane toads (shapeshifter)
  A hellion (Hell)
  2 gargoyles (D:12)
  An orange demon (Lair:6)
  A torpor snail (Lair:6)
  A dire elephant skeleton (Crypt:1)
  3 kobold demonologists
  20 cane toads
  A yaktaur (shapeshifter) (Vaults:3)
  18 freezing wraiths
  53 yaktaurs
  A hellwing (Lair:6)
  A guardian mummy (Crypt:3)
  13 ice devils
  An efreet (D:15)
  5 rime drakes
  3 komodo dragons (shapeshifter)
  11 komodo dragons
  2 trolls (shapeshifter)
  A pale draconian skeleton (Crypt:2)
  2 red devils
  6 tengu conjurers
  A meliai (shapeshifter) (Vaults:4)
  A sea snake skeleton (Crypt:1)
  2 queen bees (shapeshifter)
  3 meliai (D:14)
  6 trolls
  Grinder (D:4)
  2 jumping spiders (Crypt:3)
  23 hornets
  10 bog bodies
  A raiju (shapeshifter) (D:15)
  A dream sheep (shapeshifter) (Depths:4)
  A slime creature (shapeshifter) (Vaults:5)
  152 slime creatures
  9 tyrant leeches
  An alligator zombie (Crypt:3)
  A death drake skeleton (Crypt:2)
  23 blink frogs
  5 redbacks
  2 shadows
  13 spriggans
  A spriggan (shapeshifter) (Vaults:3)
  2 ushabtiu (Crypt:3)
  13 water elementals
  4 air elementals
  5 wyverns
  23 wraiths
  A vampire (D:13)
  A wind drake zombie (Crypt:2)
  9 fire elementals
  Eustachio (D:4)
  A golden eye (shapeshifter) (Depths:4)
  A basilisk (Lair:2)
  57 yaks
  16 golden eyes
  3 chaos spawn (Depths:4)
  5 hogs (D:15)
  Edmund (D:5)
  59 nagas
  19 vampire mosquitoes
  11 swamp worms
  4 insubstantial wisps (Swamp:3)
  3 wargs
  A cane toad zombie (Crypt:3)
  2 hydra simulacra (Depths:3)
  4 acid dragons
  A water moccasin (shapeshifter) (Depths:5)
  15 water moccasins
  2 floating eyes
  5 hell hounds
  A black bear (shapeshifter) (Vaults:2)
  12 swamp drakes
  6 eyes of draining
  70 orc warriors
  10 ice beasts
  2 phantoms
  A snapping turtle zombie (Crypt:3)
  9 sky beasts
  2 black bears
  An elf zombie (Vaults:2)
  50 ogres
  13 boggarts
  A tengu (shapeshifter) (Vaults:2)
  17 necrophages
  A wolf (shapeshifter) (Elf:3)
  13 centaurs
  20 wolves
  3 big kobolds
  21 bullfrogs
  A gnoll sergeant (D:5)
  A wyvern zombie (D:14)
  3 earth elementals
  9 wyvern skeletons (Crypt:3)
  3 scorpions
  4 jellies
  4 killer bees (D:9)
  2 human simulacra
  3 howler monkeys
  15 wights
  An electric eel (Lair:5)
  4 centaur zombies
  A draconian simulacrum (IceCv)
  2 bullfrog zombies
  A gnoll shaman (D:9)
  5 hounds
  2 hounds (shapeshifter)
  45 orc priests
  5 iguanas
  An iron imp (D:4)
  2 bullfrog skeletons
  4 centaur skeletons
  Terence (D:2)
  A lightning spire (Zot:4)
  25 orc wizards
  2 troll simulacra (IceCv)
  14 worker ants
  5 ogre zombies
  3 centaur simulacra (IceCv)
  A hound skeleton (D:8)
  A howler monkey zombie (D:6)
  7 mummies (Ossuary)
  A gnoll (shapeshifter) (Elf:3)
  15 gnolls
  2 naga simulacra (IceCv)
  12 adders
  An adder (shapeshifter) (Elf:3)
  2 ogre simulacra (IceCv)
  A shadow imp (Depths:3)
  A white imp (D:8)
  3 ufetubi
  An ooze (shapeshifter) (Elf:3)
  An ooze (D:1)
  7 adder zombies (Ossuary)
  An iguana zombie (Crypt:2)
  2 worms (D:2)
  3 dart slugs
  A leopard gecko (D:4)
  An orc (shapeshifter) (Elf:3)
  187 orcs
  9 bats
  8 giant cockroaches
  9 hobgoblins
  18 jackals
  A kobold (shapeshifter) (Elf:3)
  3 quokkas
  A dart slug zombie (Crypt:2)
  4 frilled lizards
  A giant cockroach zombie (Crypt:2)
  A gnoll skeleton (Crypt:1)
  7 goblins
  4 goblin zombies (Ossuary)
  2 hobgoblin zombies (Ossuary)
  9 kobolds
  3 kobold zombies (Ossuary)
  2 leopard gecko skeletons
  A quokka skeleton (Crypt:2)
  7 quokka zombies (Ossuary)
  10 rats
  2 rat zombies (Ossuary)
  2 crawling corpses (Elf:3)
  A fungus (Depths:2)
  3 withered plants (Crypt:3)
3110 creatures vanquished.

Vanquished Creatures (collateral kills)
  A Killer Klown (Zot:5)
  the Lernaean hydra (Swamp:4)
  2 Orb Guardians (Zot:5)
  A death cob (Zot:5)
  Frances (D:14)
  The ghost of Wugo the Unseen, an adept OpBr of Okawaru (D:14)
  A deep elf sorcerer (Vaults:4)
  2 orc warlords
  A yellow draconian (Zot:5)
  4 vault guards (Vaults:5)
  4 hydras
  3 death yaks (Lair:6)
  A tengu warrior (D:14)
  A sun demon (Lair:6)
  An orc high priest (Orc:2)
  An unseen horror (D:14)
  A deep troll (Vaults:2)
  A deep elf archer (Vaults:2)
  A deep elf mage (Vaults:2)
  4 orc knights
  3 elephants (Lair:6)
  A komodo dragon (Lair:6)
  2 red devils (Lair:6)
  A troll (D:14)
  A basilisk (D:14)
  A warg (D:14)
  A water moccasin (Lair:6)
  10 orc warriors
  2 orc wizards
  3 orc priests (Orc:2)
  5 orcs
  A butterfly (Lair:6)
64 creatures vanquished.

Vanquished Creatures (others)
  An ancient lich (Zot:4)
  A fire giant (Depths:3)
  3 draconian knights
  A spriggan druid (Swamp:2)
  A deep elf mage (Elf:1)
  A shadow (D:14)
  A water elemental (Depths:3)
  2 humans (D:15)
  5 hydra simulacra (Depths:3)
  An orc (Vaults:2)
  17 fungi
  20 plants
  7 withered plants
61 creatures vanquished.

Grand Total: 3235 creatures vanquished

Notes
Turn   | Place    | Note
-------+----------+-------------------------------------------
     0 | D:1      | pantherbaby0 the Minotaur Berserker began the quest for the
                  | Orb.
     0 | D:1      | Reached XP level 1. HP: 19/19 MP: 0/0
    81 | D:1      | Reached XP level 2. HP: 27/27 MP: 1/1
   226 | D:1      | Reached XP level 3. HP: 27/33 MP: 2/2
   229 | D:1      | Reached ** piety under Trog
   697 | D:2      | Noticed Terence
   703 | D:2      | Reached skill level 5 in Axes
   703 | D:2      | Reached XP level 4. HP: 41/41 MP: 3/3
   711 | D:2      | Killed Terence
  1237 | D:3      | Reached skill level 5 in Fighting
  1237 | D:3      | Reached XP level 5. HP: 30/48 MP: 4/4
  1455 | D:3      | Found a faded altar of an unknown god.
  1516 | D:3      | Found a burning altar of Makhleb.
  2086 | D:4      | Noticed Eustachio
  2104 | D:4      | Killed Eustachio
  2104 | D:4      | Reached XP level 6. HP: 25/57 MP: 1/5
  2326 | D:4      | Noticed Grinder
  2331 | D:4      | Paralysed by Grinder for 4 turns
  2351 | D:4      | Paralysed by Grinder for 7 turns
  2361 | D:4      | Killed Grinder
  2361 | D:4      | Reached skill level 5 in Armour
  2361 | D:4      | Reached XP level 7. HP: 19/66 MP: 1/6
  2534 | D:4      | Found a shimmering altar of Xom.
  2645 | D:4      | Found a broken altar of Ashenzari.
  3001 | D:4      | Found a staircase to the Ecumenical Temple.
  3018 | D:4      | Got an ancient ivory ring
  3244 | D:4      | Found a snail-covered altar of Cheibriados.
  3585 | D:5      | Entered Level 5 of the Dungeon
  3602 | D:5      | Reached *** piety under Trog
  3613 | D:5      | Reached skill level 1 in Maces & Flails
  3758 | D:5      | Found a hazy altar of Hepliaklqana.
  3792 | D:5      | Reached XP level 8. HP: 71/75 MP: 7/7
  3814 | D:5      | Noticed Edmund
  3824 | D:5      | Killed Edmund
  3866 | D:5      | Found an opulent altar of Gozag.
  3867 | D:5      | Found a basalt altar of Yredelemnul.
  3878 | D:5      | Found a sand-covered staircase.
  3889 | Ossuary  | Entered an ossuary
  4403 | Ossuary  | Reached **** piety under Trog
  4448 | Ossuary  | Identified the ring "Zaylugug" {MP+9 Dex+4} (You found it
                  | on level 4 of the Dungeon)
  4561 | D:5      | Found Yrchi's General Store.
  4569 | D:5      | Bought a scroll of enchant armour for 112 gold pieces
  5247 | D:6      | Found an ancient bone altar of Kikubaaqudgha.
  5558 | D:6      | Reached skill level 5 in Maces & Flails
  5868 | D:6      | Got a pitted falchion
  5870 | D:6      | Identified the +4 falchion "Xeizoesuci" {drain, Dex+2} (You
                  | found it on level 6 of the Dungeon)
  6124 | D:7      | Reached XP level 9. HP: 74/85 MP: 8/8
  6183 | D:7      | Reached ***** piety under Trog
  6340 | D:7      | Reached skill level 10 in Fighting
  6571 | D:7      | Found a glowing golden altar of the Shining One.
  6575 | D:7      | Found a snail-covered altar of Cheibriados.
  7239 | D:8      | Found a flagged portal.
  7264 | D:8      | Noticed a two-headed ogre
  7275 | D:8      | Killed a two-headed ogre
  7275 | D:8      | Reached XP level 10. HP: 96/96 MP: 9/9
  7306 | Bailey   | Entered a bailey
  7512 | Bailey   | Noticed an orc knight
  7582 | Bailey   | Noticed an orc knight
  7593 | Bailey   | Killed an orc knight
  7593 | Bailey   | Reached skill level 1 in Throwing
  7751 | Bailey   | Noticed an orc knight
  7783 | Bailey   | Killed an orc knight
  7783 | Bailey   | Reached skill level 10 in Maces & Flails
  7783 | Bailey   | Reached skill level 10 in Armour
  8090 | Bailey   | Killed an orc knight
  8174 | Bailey   | Noticed an orc knight
  8185 | Bailey   | Killed an orc knight
  8672 | D:8      | Found a stormy altar of Qazlal.
  8750 | D:8      | Found the +6 lightning scales {run, rElec}
  8772 | D:8      | Found Cimi's Armour Shoppe.
  8916 | D:8      | Found a staircase to the Lair.
  9066 | D:8      | Found a runed translucent gate.
  9071 | D:8      | Found a runed translucent gate.
  9071 | D:8      | Found a runed translucent gate.
  9072 | D:8      | Noticed Shaidar's ghost (novice GnFi)
  9235 | D:8      | Reached XP level 11. HP: 101/108 MP: 10/10
  9241 | D:8      | Killed Shaidar's ghost
  9369 | D:9      | Killed an unseen horror
  9949 | D:9      | Received a gift from Trog
  9969 | D:9      | Got a masterwork executioner's axe {god gift}
  9979 | D:9      | Identified the +9 executioner's axe "Caaqapig" {flame,
                  | rPois Int+4} (Trog gifted it to you on level 9 of the
                  | Dungeon)
 10506 | D:10     | Entered Level 10 of the Dungeon
 10506 | D:10     | Noticed a two-headed ogre
 10513 | D:10     | Killed a two-headed ogre
 11712 | D:11     | Reached skill level 10 in Axes
 11983 | D:11     | Noticed a green ugly thing
 11991 | D:11     | Killed a green ugly thing
 12191 | D:11     | Noticed a brown ugly thing
 12197 | D:11     | Killed a brown ugly thing
 12450 | D:12     | Reached XP level 12. HP: 118/118 MP: 11/11
 12456 | D:12     | Found a staircase to the Orcish Mines.
 12476 | D:12     | Received a gift from Trog
 12577 | D:12     | Found a sparkling altar of Nemelex Xobeh.
 12660 | D:12     | Noticed a seven-headed hydra
 12664 | D:12     | Killed a five-headed hydra
 13356 | D:13     | Noticed a two-headed ogre
 13369 | D:13     | Noticed a boulder beetle
 13798 | Lair:1   | Entered Level 1 of the Lair of Beasts
 13917 | Lair:1   | Noticed Nergalle
 13921 | Lair:1   | Killed Nergalle
 13965 | Lair:1   | Noticed a seven-headed hydra
 13972 | Lair:1   | Killed a three-headed hydra
 14168 | Lair:1   | Reached skill level 15 in Axes
 14907 | Lair:2   | Found a frozen archway.
 14939 | IceCv    | Entered an ice cave
 14954 | IceCv    | Reached XP level 13. HP: 92/125 MP: 12/12
 15646 | IceCv    | Reached ****** piety under Trog
 15670 | IceCv    | Reached skill level 15 in Fighting
 15790 | IceCv    | Got a fine hand axe
 15850 | Lair:2   | Identified the +12 hand axe of Dull Gallantry {flame, MP-9
                  | Int+2 Dex+3 Stlth+} (You found it in an ice cave)
 16170 | Lair:2   | Found a staircase to the Swamp.
 16361 | Lair:2   | Received a gift from Trog
 17418 | Lair:3   | Found a staircase to the Snake Pit.
 18998 | Lair:4   | Reached XP level 14. HP: 137/137 MP: 13/13
 19677 | Lair:5   | Found a viscous altar of Jiyva.
 19678 | Lair:5   | Found a staircase to the Slime Pits.
 20148 | Lair:5   | Identified a scroll of acquirement
 20149 | Lair:5   | Acquired a manual of Armour
 20179 | Lair:6   | Entered Level 6 of the Lair of Beasts
 20254 | Lair:6   | Found a gate leading to a gauntlet.
 20262 | Gauntlet | Entered a Gauntlet
 20262 | Gauntlet | Found a transporter.
 20428 | Gauntlet | Found a transporter.
 20443 | Gauntlet | Found a transporter.
 20451 | Gauntlet | Found a runed translucent door.
 20454 | Gauntlet | Found a large runed translucent door.
 20454 | Gauntlet | Found a large runed translucent door.
 20455 | Gauntlet | Found a large runed translucent door.
 20455 | Gauntlet | Found a large runed translucent door.
 20456 | Gauntlet | Found a large runed translucent door.
 20456 | Gauntlet | Found a large runed translucent door.
 20456 | Gauntlet | Found a large runed translucent door.
 20456 | Gauntlet | Found a large runed translucent door.
 20457 | Gauntlet | Found a runed translucent door.
 20457 | Gauntlet | Found a runed translucent gate.
 20460 | Gauntlet | Found a transporter.
 20469 | Gauntlet | Found a runed translucent gate.
 20471 | Gauntlet | Found a runed translucent gate.
 20471 | Gauntlet | Found a transporter.
 20472 | Gauntlet | Found a runed translucent gate.
 20487 | Gauntlet | Found a transporter.
 20497 | Gauntlet | Found a transporter.
 20511 | Gauntlet | Found a transporter.
 20523 | Gauntlet | Found a large runed translucent door.
 20524 | Gauntlet | Found a large runed translucent door.
 20524 | Gauntlet | Found a large runed translucent door.
 20525 | Gauntlet | Found a large runed translucent door.
 20525 | Gauntlet | Found a large runed translucent door.
 20525 | Gauntlet | Found a large runed translucent door.
 20525 | Gauntlet | Found a large runed translucent door.
 20526 | Gauntlet | Found a large runed translucent door.
 20526 | Gauntlet | Found a runed translucent gate.
 20526 | Gauntlet | Found a runed translucent door.
 20531 | Gauntlet | Found a transporter.
 20544 | Gauntlet | Found a transporter.
 20568 | Gauntlet | Found a transporter.
 20571 | Gauntlet | Found a transporter.
 20648 | Gauntlet | Found a transporter.
 20649 | Gauntlet | Found a transporter.
 20720 | Gauntlet | Found a runed translucent gate.
 20778 | Gauntlet | Got a fine granite ring
 20779 | Gauntlet | Identified the ring "Gamou" {+Fly rN+ MP+9 Slay-3} (You
                  | found it in a Gauntlet)
 20812 | Gauntlet | Received a gift from Trog
 21193 | Gauntlet | Got a translucent hat
 21212 | Gauntlet | Identified the +1 hat of Erhe {rElec Str+4 Int-5 Dex+2}
                  | (You found it in a Gauntlet)
 21237 | Gauntlet | Found the amulet of the Air {Inacc +Fly rElec EV+5 RMsl}
 22597 | Lair:6   | Found a burning altar of Makhleb.
 22599 | Lair:6   | Lost intelligence.
 23124 | Lair:6   | Found a gateway to Hell.
 23394 | Orc:1    | Entered Level 1 of the Orcish Mines
 23427 | Orc:1    | Received a gift from Trog
 23437 | Orc:1    | Lost intelligence.
 23481 | Orc:1    | Reached XP level 15. HP: 90/147 MP: 13/14
 23747 | Orc:1    | Found Vag Ipykk's Antique Weapon Emporium.
 23920 | Orc:2    | Entered Level 2 of the Orcish Mines
 24308 | Orc:2    | Found a roughly hewn altar of Beogh.
 24312 | Orc:2    | Noticed an orc warlord
 24329 | Orc:2    | Killed an orc warlord
 24403 | Orc:2    | Reached skill level 15 in Armour
 24766 | Orc:2    | Found a roughly hewn altar of Beogh.
 25048 | Orc:2    | Found Urilaimp's Assorted Antiques.
 25112 | Orc:2    | Found Ytisay's Jewellery Shoppe.
 25340 | Orc:2    | Found Plog's General Store.
 25480 | Orc:2    | Found Biompa's Gadget Shop.
 25689 | Orc:2    | Noticed an orc warlord
 25701 | Orc:2    | Killed an orc warlord
 25929 | Orc:2    | Received a gift from Trog
 26241 | Orc:2    | Found a staircase to the Elven Halls.
 26979 | D:13     | Found a gate to the Vaults.
 27729 | D:14     | Identified the +1 plate armour of Pieptueh {Str+2 Int+5
                  | Dex+2}
 27729 | D:14     | Noticed an orc warlord
 27737 | D:14     | Found a runed translucent gate.
 27737 | D:14     | Found a runed translucent gate.
 27738 | D:14     | Identified the ring "Nelan" {+Fly Str+4 Dex+3}
 27739 | D:14     | Found a runed translucent gate.
 27740 | D:14     | Noticed Wugo's ghost (adept OpBr)
 27775 | D:14     | Received a gift from Trog
 28241 | D:14     | Found Atoaquo's Weapon Shop.
 28244 | D:14     | Noticed Frances
 28252 | D:14     | Killed Frances
 28818 | D:14     | Killed an orc warlord
 28820 | D:14     | Found a roughly hewn altar of Beogh.
 28830 | D:14     | Killed Wugo's ghost
 28845 | D:14     | Reached XP level 16. HP: 126/155 MP: 15/15
 28851 | D:14     | Got a pair of warped gloves
 28862 | D:14     | Identified the +0 pair of gloves of the Shore {rElec rC+
                  | Str+3} (You found it on level 14 of the Dungeon)
 28978 | D:15     | Entered Level 15 of the Dungeon
 29268 | D:15     | Noticed Kirke
 29275 | D:15     | Killed Kirke
 29279 | D:15     | Received a gift from Trog
 29851 | D:15     | Acquired a manual of Armour
 29917 | D:15     | Found a staircase to the Depths.
 30187 | Swamp:1  | Entered Level 1 of the Swamp
 31276 | Swamp:2  | Got a pair of distressingly furry boots
 31289 | Swamp:2  | Identified the +0 pair of boots of Action {rCorr} (You
                  | found it on level 2 of the Swamp)
 32075 | Swamp:3  | Received a gift from Trog
 32915 | Swamp:4  | Entered Level 4 of the Swamp
 32956 | Swamp:4  | Noticed a thorn hunter
 32970 | Swamp:4  | Killed a thorn hunter
 33836 | Swamp:4  | Reached XP level 17. HP: 161/161 MP: 16/16
 34268 | Swamp:4  | Noticed the 27-headed Lernaean hydra
 34285 | Swamp:4  | Killed the 25-headed Lernaean hydra
 34640 | Swamp:4  | Got a decaying rune of Zot
 35363 | Vaults:1 | Entered Level 1 of the Vaults
 35407 | Vaults:1 | Paralysed by a hornet for 3 turns
 35907 | Vaults:1 | Received a gift from Trog
 37155 | Vaults:2 | Found a staircase to the Crypt.
 37248 | Vaults:2 | Noticed a Hell Sentinel
 37250 | Vaults:2 | Received a gift from Trog
 37765 | Vaults:2 | Identified the +6 flail of Infection {venom, Str+2}
 38046 | Vaults:2 | Reached XP level 18. HP: 119/170 MP: 17/17
 38866 | Vaults:2 | Found Cieh's Book Boutique.
 38915 | Vaults:2 | Received a gift from Trog
 39077 | Vaults:2 | Paralysed by an ogre mage for 3 turns
 39994 | Vaults:3 | Paralysed by a great orb of eyes for 4 turns
 40050 | Vaults:3 | Cast into level 2 of the Abyss (orc knight)
 40118 | Abyss:2  | Received a gift from Trog
 40142 | Vaults:3 | Escaped the Abyss
 40974 | Vaults:3 | Reached XP level 19. HP: 113/185 MP: 17/18
 41170 | Vaults:3 | Received a gift from Trog
 41356 | Vaults:3 | Identified the +1 leather armour of Weightlessness {rElec}
 42035 | Vaults:3 | Noticed Paarhy's ghost (legendary MfBe)
 42036 | Vaults:3 | Found a runed translucent gate.
 42036 | Vaults:3 | Found a runed translucent gate.
 42036 | Vaults:3 | Found a runed translucent gate.
 42036 | Vaults:3 | Noticed Ynisk's ghost (adept HaHu)
 42036 | Vaults:3 | Noticed Keaj's ghost (adept FeCK)
 42036 | Vaults:3 | Noticed Ynisk's ghost (adept HaHu)
 42169 | Vaults:3 | Found Kala's Antique Weapon Shop.
 42169 | Vaults:3 | Found Ygejonem's Magic Scroll Shop.
 42170 | Vaults:3 | Found Fadutwi's Distillery.
 42573 | Vaults:3 | Bought a potion of heal wounds for 75 gold pieces
 42947 | Vaults:4 | Found Qotzor's Antique Weapon Boutique.
 42973 | Vaults:4 | Received a gift from Trog
 43018 | Vaults:4 | Found a runed translucent gate.
 43018 | Vaults:4 | Found a runed translucent gate.
 43018 | Vaults:4 | Found a runed translucent gate.
 43018 | Vaults:4 | Noticed Ynisk's ghost (adept HaHu)
 43158 | Vaults:4 | Noticed Xtahua
 43174 | Vaults:4 | Killed Xtahua
 44044 | Vaults:4 | Paralysed by an ogre mage for 5 turns
 44628 | Vaults:4 | Noticed a lich
 44634 | Vaults:4 | Killed a lich
 44634 | Vaults:4 | Received a gift from Trog
 45053 | Vaults:4 | Reached XP level 20. HP: 202/202 MP: 19/19
 45063 | Vaults:4 | Killed Ynisk's ghost
 45339 | Depths:1 | Entered Level 1 of the Depths
 46535 | Depths:1 | Found the +8 Wrath of Trog {antimagic, *Rage}
 47477 | Vaults:3 | Killed Paarhy's ghost
 47482 | Vaults:3 | Killed Ynisk's ghost
 47496 | Vaults:3 | Killed Keaj's ghost
 47497 | Vaults:3 | Killed Ynisk's ghost
 48167 | Depths:2 | Found a one-way gate to the infinite horrors of the Abyss.
 48168 | Depths:2 | Found a gateway to a ziggurat.
 48207 | Depths:2 | Found a radiant altar of Vehumet.
 48207 | Depths:2 | Found an ancient bone altar of Kikubaaqudgha.
 48207 | Depths:2 | You fall into a shaft and drop 2 floors!
 48915 | Snake:1  | Entered Level 1 of the Snake Pit
 49102 | Snake:1  | Noticed Rupert
 49112 | Snake:1  | Noticed Josephine
 49125 | Snake:1  | Killed Rupert
 49128 | Snake:1  | Killed Josephine
 49656 | Snake:1  | Identified the +4 great mace of Disintegration {drain,
                  | +Blink MR- SInv}
 49728 | Snake:1  | Identified the +5 rapier of Brawling {vorpal, rF+}
 50162 | Snake:1  | Noticed Agnes
 50173 | Snake:1  | Killed Agnes
 50654 | Snake:2  | Found Qezown's Assorted Antiques.
 50825 | Snake:2  | Reached skill level 5 in Throwing
 50835 | Snake:2  | Reached XP level 21. HP: 183/215 MP: 20/20
 51183 | Snake:2  | Received a gift from Trog
 52388 | Snake:4  | Entered Level 4 of the Snake Pit
 52418 | Snake:4  | Received a gift from Trog
 53076 | Snake:4  | Received a gift from Trog
 54245 | Snake:4  | Received a gift from Trog
 54265 | Snake:4  | Got a serpentine rune of Zot
 54701 | Elf:1    | Entered Level 1 of the Elven Halls
 54847 | Elf:1    | Reached XP level 22. HP: 229/229 MP: 21/21
 54977 | Elf:1    | Noticed Asterion
 54984 | Elf:1    | Killed Asterion
 55183 | Elf:1    | Identified the Compendium of Battle Magic
 55393 | Elf:1    | Found Xegat's Jewellery Shoppe.
 55431 | Elf:1    | Bought the ring "Erisch" {MR+ rCorr} for 489 gold pieces
 56088 | Elf:1    | Received a gift from Trog
 56747 | Elf:2    | Found Setope Ydwu's Antique Armour Shop.
 56747 | Elf:2    | Found a portal to a secret trove of treasure.
 56771 | Elf:2    | You paid a toll of 17 potions of curing to enter a treasure
                  | trove
 56772 | Trove    | Entered a treasure trove
 56778 | Trove    | Found the +4 moon troll leather armour {Spirit, Regen++
                  | MP+5}
 56791 | Trove    | Got a warped tin ring
 56799 | Trove    | Identified the ring "Feurr" {Fire MP+9 Dex+7} (You found it
                  | in a treasure trove)
 56810 | Trove    | Got a distressingly furry crystal plate armour
 56812 | Trove    | Identified the +13 crystal plate armour of the Flute {Harm
                  | rElec rC+++ Dex-3} (You found it in a treasure trove)
 56816 | Trove    | Got a steaming long sword
 56838 | Elf:2    | Bought a pair of embroidered gloves for 307 gold pieces
 56851 | Elf:2    | Bought the +0 mask of the Dragon {MR+ Slay+3 SInv} for 1369
                  | gold pieces
 56851 | Elf:2    | Found the +0 mask of the Dragon {MR+ Slay+3 SInv}
 56903 | Elf:2    | Found a huge runed translucent gate.
 56903 | Elf:2    | Found a huge runed translucent gate.
 56903 | Elf:2    | Found a huge runed translucent gate.
 56903 | Elf:2    | Found a huge runed translucent gate.
 56903 | Elf:2    | Found a huge runed translucent gate.
 57248 | Elf:2    | Received a gift from Trog
 57573 | Elf:3    | Entered Level 3 of the Elven Halls
 57612 | Elf:3    | Found a flickering gateway to a bazaar.
 57645 | Bazaar   | Entered a bazaar
 57645 | Bazaar   | Found Ibbualen's Jewellery Shoppe.
 57645 | Bazaar   | Found Eqarhuaz's Antique Weapon Shoppe.
 57646 | Bazaar   | Found Dah Zeih's Jewellery Emporium.
 57646 | Bazaar   | Found Winlok's Gadget Emporium.
 57679 | Bazaar   | Bought the amulet "Ennoap" {Faith rF- rC- rN++ Stlth+} for
                  | 416 gold pieces
 57685 | Bazaar   | Bought the amulet of Baeru {Reflect Str-4 Int+6 SH+5} for
                  | 576 gold pieces
 57685 | Bazaar   | Bought the ring "Zoetulog" {MR+ Str+2} for 506 gold pieces
 57817 | Elf:3    | Reached skill level 27 in Fighting
 58477 | Elf:3    | Found a runed translucent gate.
 58478 | Elf:3    | Found a runed translucent gate.
 58479 | Elf:3    | Found a runed translucent gate.
 58672 | Elf:3    | Found a runed translucent gate.
 58672 | Elf:3    | Found a runed translucent gate.
 58679 | Elf:3    | Noticed 1994's ghost (adept DsNe)
 58682 | Elf:3    | Found a runed translucent gate.
 58831 | Elf:3    | Found the +7 Spriggan's Knife {stab, EV+4 Stlth+}
 58843 | Elf:3    | Received a gift from Trog
 58874 | Elf:3    | Identified Fynyrajo's Handbook of Twisted Transformation
 58955 | Elf:3    | Got a scintillating glass ring
 58974 | Elf:3    | Identified the ring "Gysilinass" {rF+ rN++ Dex-2} (You
                  | found it on level 3 of the Elven Halls)
 59016 | Elf:3    | Got a sparkling granite ring
 59022 | Elf:3    | Identified the ring "Goteosor" {rPois Stlth+} (You found it
                  | on level 3 of the Elven Halls)
 59157 | Elf:3    | Got a masterwork plate armour
 59161 | Elf:3    | Got a brightly glowing battleaxe
 59165 | Elf:3    | Got an ancient plate armour
 59169 | Elf:3    | Got a translucent quick blade
 59208 | Elf:3    | Identified the +1 plate armour "Ibellot" {Str+4} (You found
                  | it on level 3 of the Elven Halls)
 59210 | Elf:3    | Identified the +3 plate armour of the Final Seas {rN+ MR+}
                  | (You found it on level 3 of the Elven Halls)
 59323 | Elf:3    | Reached XP level 23. HP: 240/240 MP: 22/22
 59341 | Elf:3    | Killed 1994's ghost
 59365 | Elf:3    | Got a crude hat
 59367 | Elf:3    | Identified the +3 hat of Fedhas's Hatred {rN+ Int+3} (You
                  | found it on level 3 of the Elven Halls)
 59369 | Elf:3    | Identified the +7 battleaxe of the Valley of Death
                  | {distort, rF+ Dex+2} (You found it on level 3 of the Elven
                  | Halls)
 59715 | Elf:3    | Identified the cursed +2 quick blade of Inference {vorpal,
                  | +Fly Str+3} (You found it on level 3 of the Elven Halls)
 60080 | Vaults:4 | Upgraded the game from 0.26-a0-694-g74916bafe0 to
                  | 0.26-a0-707-g31817bcca1
 60081 | Vaults:5 | Entered Level 5 of the Vaults
 60094 | Vaults:4 | Reached skill level 27 in Armour
 60129 | Vaults:5 | Reached skill level 1 in Evocations
 60147 | Vaults:5 | Reached skill level 10 in Throwing
 60217 | Vaults:5 | Reached skill level 5 in Evocations
 60387 | Vaults:5 | Identified the +7 rapier of the Crypt {freeze, rF+++ MR+
                  | Str-5 Int-3}
 60404 | Vaults:5 | Received a gift from Trog
 60449 | Vaults:5 | Got a vibrating bronze ring
 60639 | Vaults:5 | Identified the ring "Caitucle" {rCorr Int+3 Dex+2} (You
                  | found it on level 5 of the Vaults)
 60808 | Vaults:5 | Reached skill level 10 in Evocations
 60954 | Vaults:5 | Identified the +3 quarterstaff "Roxebb" {protect, rElec
                  | rC++ MR-}
 61116 | Vaults:5 | Received a gift from Trog
 61165 | Vaults:5 | Reached XP level 24. HP: 170/249 MP: 22/22
 61546 | Vaults:5 | Got a silver rune of Zot
 61577 | Vaults:5 | Reached skill level 5 in Dodging
 62318 | Depths:2 | Found a shimmering altar of Xom.
 62569 | Depths:2 | Paralysed by a floating eye for 4 turns
 63215 | Depths:2 | Received a gift from Trog
 64166 | Depths:3 | Found a one-way gate leading to the halls of Pandemonium.
 64166 | Depths:3 | Noticed Bai Suzhen
 64169 | Depths:3 | Received a gift from Trog
 64209 | Depths:3 | Killed Bai Suzhen
 64209 | Depths:3 | Reached skill level 15 in Evocations
 64775 | Depths:3 | Got a faintly humming plate armour
 64787 | Depths:3 | Identified the cursed +1 plate armour of the Circus Animal
                  | {rN+} (You found it on level 3 of the Depths)
 65204 | Depths:3 | Noticed a juggernaut
 65213 | Depths:3 | Killed a juggernaut
 65445 | Depths:4 | Found Wueptoih's Assorted Antiques.
 65475 | Depths:4 | Reached XP level 25. HP: 201/257 MP: 22/22
 65742 | Depths:4 | Received a gift from Trog
 65765 | Depths:4 | Got a crystal battleaxe {god gift}
 65766 | Depths:4 | Identified the +9 battleaxe "Jukoap" {flame, *Rage rElec
                  | rPois} (Trog gifted it to you on level 4 of the Depths)
 66221 | Depths:4 | Found Higibapp's Book Emporium.
 66573 | Depths:4 | Received a gift from Trog
 66668 | Depths:4 | Reached skill level 27 in Axes
 66682 | Depths:4 | Identified the +11 hand crossbow "Tempoc" {flame, rC+}
 67570 | Depths:4 | Got transparent fire dragon scales
 67581 | Depths:4 | Identified the cursed +1 fire dragon scales "Tamaar"
                  | {Rampage rF++ rC- rN+ MP+9 Str+2 SInv} (You found it on
                  | level 4 of the Depths)
 67693 | Depths:5 | Entered Level 5 of the Depths
 67848 | Depths:5 | Received a gift from Trog
 68056 | Depths:5 | Reached XP level 26. HP: 246/266 MP: 22/22
 68306 | Depths:5 | Received a gift from Trog
 68464 | Depths:4 | Acquired the ring "Tumiziusa" {rPois rN+ MR+ Dex-2}
 68510 | Depths:5 | Acquired 905 gold pieces
 68562 | Depths:5 | Noticed a juggernaut
 68571 | Depths:5 | Killed a juggernaut
 69042 | Depths:5 | Found a gate to the Realm of Zot.
 69371 | Depths:4 | Identified the Collected Works on Confrontation
 70342 | Depths:4 | Bought the +7 lajatang of Order {silver, rMut} for 3317
                  | gold pieces
 70342 | Depths:4 | Found the +7 lajatang of Order {silver, rMut}
 70503 | Hell     | Entered the Vestibule of Hell
 70503 | Hell     | Noticed Geryon
 70516 | Hell     | Reached skill level 1 in Staves
 70518 | Hell     | Killed Geryon
 70571 | Hell     | Reached skill level 5 in Staves
 71080 | Orc:2    | Bought a scroll of enchant weapon for 112 gold pieces
 71324 | Vaults:3 | Bought a scroll of enchant weapon for 82 gold pieces
 71472 | Crypt:1  | Entered Level 1 of the Crypt
 71497 | Crypt:1  | Received a gift from Trog
 72228 | Crypt:2  | Found a basalt altar of Yredelemnul.
 72340 | Crypt:2  | Reached skill level 10 in Staves
 72710 | Crypt:2  | Received a gift from Trog
 73050 | Crypt:3  | Entered Level 3 of the Crypt
 73239 | Crypt:3  | Reached XP level 27. HP: 259/273 MP: 22/22
 73648 | Crypt:3  | Reached skill level 15 in Throwing
 73666 | Crypt:3  | Found a basalt altar of Yredelemnul.
 73904 | Crypt:3  | Received a gift from Trog
 73980 | Crypt:3  | Got an ichor-stained plate armour
 73992 | Crypt:3  | Identified the +10 plate armour of Zustrariwn {-Tele +Fly
                  | Dex+4} (You found it on level 3 of the Crypt)
 74295 | Crypt:3  | Found a staircase to the Tomb.
 75703 | Slime:1  | Entered Level 1 of the Pits of Slime
 76227 | Slime:1  | Received a gift from Trog
 77442 | Slime:3  | Noticed Dissolution
 77562 | Slime:2  | Killed Dissolution
 78272 | Slime:3  | Received a gift from Trog
 78906 | Slime:5  | Entered Level 5 of the Pits of Slime
 79034 | Slime:5  | Noticed the Royal Jelly
 79041 | Slime:5  | Killed the Royal Jelly
 79556 | Slime:5  | Received a gift from Trog
 79585 | Slime:5  | Found the ring of the Octopus King
 79669 | Slime:5  | Got a ring of the Octopus King
 79735 | Slime:5  | Got a slimy rune of Zot
 79776 | Slime:5  | Identified a ring of the Octopus King {rCorr AC+1 EV+1
                  | Str+1 Int+1 Dex+1} (You found it on level 5 of the Pits of
                  | Slime)
 80615 | Zot:1    | Entered Level 1 of the Realm of Zot
 80796 | Zot:1    | Noticed an ancient lich
 80823 | Zot:1    | Killed an ancient lich
 82013 | Zot:1    | Received a gift from Trog
 83388 | Zot:2    | Noticed an orb of fire
 83403 | Zot:2    | Killed an orb of fire
 83870 | Zot:2    | Received a gift from Trog
 84857 | Zot:4    | Found a transporter.
 84857 | Zot:4    | Identified the cursed +0 eveningstar of Teur {vorpal,
                  | Str+4}
 84859 | Zot:4    | Identified the +5 scimitar of Stickiness {flame, Int+2}
 85106 | Zot:4    | Received a gift from Trog
 85843 | Zot:4    | Noticed an ancient lich
 85919 | Zot:4    | Found a transporter.
 85925 | Zot:4    | Found a shimmering blue altar of Sif Muna.
 85954 | Zot:4    | Identified the +2 cloak of Toothy Intercession {-Cast rElec
                  | MR+ Dex+10}
 85983 | Zot:4    | Noticed Kysem's ghost (master BaIE)
 85984 | Zot:4    | Identified the +4 battleaxe "Xemewez" {antimagic, +Rage rF-
                  | MP+9}
 86039 | Zot:4    | Found a bloodstained altar of Trog.
 86041 | Zot:4    | Identified the +3 cloak of the Unbroken {rN++ rCorr Str-5
                  | SInv}
 86108 | Zot:4    | Found a transporter.
 86202 | Zot:4    | Noticed an ancient lich
 86315 | Zot:4    | Killed an ancient lich
 86326 | Zot:4    | Killed an ancient lich
 86494 | Zot:4    | Got a transparent bone ring
 86495 | Zot:4    | Identified the ring "Husmosonil" {Ice rElec} (You found it
                  | on level 4 of the Realm of Zot)
 86498 | Zot:4    | Identified the +2 cloak "Yfipha" {rC- MR+ Dex+7} (You found
                  | it on level 4 of the Realm of Zot)
 86510 | Zot:4    | Found a transporter.
 86633 | Zot:3    | Identified the +3 bardiche "Miopluo" {flame, Int+3} (You
                  | found it on level 3 of the Realm of Zot)
 87729 | Vaults:5 | Identified the +10 glaive "Jocaecuune" {venom, Str+4} (You
                  | found it on level 5 of the Vaults)
 88980 | Zot:4    | Noticed an orb of fire
 88984 | Zot:4    | Killed Kysem's ghost
 89434 | Zot:5    | Entered Level 5 of the Realm of Zot
 89597 | Zot:5    | Reached skill level 27 in Evocations
 90166 | Orc:2    | Bought a wand of disintegration (11) for 100 gold pieces
 90765 | Zot:5    | Noticed an orb of fire
 90773 | Zot:5    | Gained mutation: You are frail. (-10% HP) [an orb of fire]
 90781 | Zot:5    | Killed an orb of fire
 90794 | Zot:5    | Reached skill level 10 in Dodging
 91360 | Zot:5    | Gained mutation: Your magical capacity is low. (-10% MP)
                  | [mutagenic glow]
 91372 | Zot:5    | Received a gift from Trog
 91655 | Zot:5    | Noticed an ancient lich
 91656 | Zot:5    | Noticed an ancient lich
 91656 | Zot:5    | Noticed an orb of fire
 91656 | Zot:5    | Noticed an ancient lich
 91657 | Zot:5    | Gained mutation: You occasionally shout uncontrollably at
                  | your foes. [an orb of fire]
 91658 | Zot:5    | Noticed an orb of fire
 91660 | Zot:5    | Gained mutation: Scrolls take you a little longer to read.
                  | [an orb of fire]
 91666 | Zot:5    | Killed from afar by a Killer Klown

Illustrated notes

Levels and vault maps discovered:
D:1:      nzn_arrival_depleted_hourglass, layout_basic
D:2:      layout_rooms, uniq_terence
D:3:      layout_loops_ring, lemuel_crystal_altar,
          chequers_ecumenical_altar_simple_redux
D:4:      layout_gridville, cheibrodos_ashenzari_chains, old_standard_altar,
          temple_doors_e, serial_co_window_serial, co_window_corner_a,
          co_window_corner_a, co_window_corner_a, co_window_paths_a,
          co_window_corner_a, co_window_corner_a, co_window_paths_b,
          co_window_broadway_a, co_window_of_opportunity_b,
          co_window_broadway_c, co_window_of_opportunity_c, co_window_corner_cb,
          glass_columns_a, glass_columns_b, glass_columns_b, chei_slow_surprise,
          uniq_grinder, uniq_eustachio
D:5:      layout_loops_ring, old_standard_altar,
          chequers_temple_overflow_statue_of_worship,
          nicolae_ossuary_entry_ruins, serial_glass, glass_columns_a,
          glass_columns_a, serial_shops, shop, uniq_edmund
D:6:      layout_gridville, kiku_gazebo_pond_becter
D:7:      layout_basic, grunt_temple_overflow_open, minmay_manual_monolith
D:8:      layout_gridville, grunt_qazlal_sundering, dpeg_oklobed_lair,
          gammafunk_ghost_spectres, enter_bailey_3, serial_shops, shop,
          kennysheep_generic_room_5
D:9:      layout_loops_ring
D:10:     layout_cave_pods
D:11:     minmay_angry_zag, layout_gridville
D:12:     layout_roguey, hiddenorc2_lemuel, nemelex_xobeh_ov_fountains_minmay
D:13:     layout_loops_ring, erik_vaults_1
D:14:     layout_long_grid, serial_shops, shop_fountains,
          biasface_ghost_orc_armoury, uniq_frances
D:15:     grunt_enter_depths_hoard, layout_irregular_city, uniq_kirke
Lair:1:   layout_roguey, uniq_nergalle
Lair:2:   layout_long_grid, skrybe_swamp_entry_bodies,
          portal_ice_cave_entry_ice_beasts, grunt_megastairs_4
Lair:3:   layout_cave_shapes, dummy_snake_entry, minivault_26, wad_woods_road_04
Lair:4:   layout_regular_city, st_stairs_13, minmay_hedge_maze,
          patterned_corridor, infiniplex_staircase_pool_2
Lair:5:   statuecave_lemuel, layout_gridlike, slime_altar_1
Lair:6:   evil_forest, layout_gridlike, gauntlet_entry_generic,
          lemuel_fruit_fields
Swamp:1:  layout_basic_swamp, evilmike_swamp_ruin_house_1
Swamp:2:  layout_basic_swamp, evilmike_swamp_ruin_house_2, swamp_pool4,
          infiniplex_staircase_pool
Swamp:3:  layout_basic_swamp, evilmike_swamp_ruin_house_4
Swamp:4:  swamp_old_school, layout_basic_swamp, swamp_pool3
Snake:1:  layout_cave_pods, uniq_josephine, uniq_agnes, uniq_rupert
Snake:2:  layout_basic, serial_shops, nicolae_shop_stone, special_room
Snake:3:  layout_onion, guppyfry_library_mini, lemuel_fruit_tree
Snake:4:  snake_pit_salamanders_mu, layout_misc_corridors, grunt_megastairs_2
Slime:1:  layout_caves
Slime:2:  layout_caves, cheibrodos_slime_lost_civilization_7
Slime:3:  layout_caves, uniq_dissolution
Slime:4:  layout_caves
Slime:5
Orc:1:    layout_caves, serial_shops, nicolae_shop_trees
Orc:2:    pubby_orc_utopia, serial_shops
Elf:1:    eino_elf_arrival_shootout, layout_onion_city, serial_shops,
          nicolae_shop_behind_doors, minmay_elf_annihilation, st_stairs_9,
          library_closet, uniq_asterion
Elf:2:    layout_geoelf_octagon, serial_shops, shop, enter_trove_1,
          serial_sigils_hangedman_shear, minmay_misc_feat_pillars
Elf:3:    minmay_elf_hall, layout_loops_cross,
          ploomutoo_gammafunk_ghost_potion_laboratory, serial_shops,
          bzr_entry_lakeside
Vaults:1: v_alt_pattern_4, vaults_room_fours, nicolae_vaults_yaktaur_gun_rack,
          vaults_dpeg_spiral, vaults_standard_mumra_lines, v_misc_8,
          vaults_room_boxed, st_cross, ontoclasm_vaults_shuriken,
          ontoclasm_vaults_gateway, vaults_room_pool,
          vaults_room_grunt_arrival_ludios, layout_vaults_omnicross
Vaults:2: blue_anna_dwarven_crypt, nicolae_vaults_network_barrier,
          nicolae_vaults_circle_grid_a, st_hourglassy, vaults_room_door_hall,
          v_misc_32, ontoclasm_vaults_ring_small, hangedman_vaults_slice,
          v_misc_10, nicolae_vaults_angled_halls, ontoclasm_vaults_twist,
          v_pattern_3, vaults_dpeg_hooks, layout_vaults_ring, serial_shops, shop
Vaults:3: gammafunk_vaults_ghost_cemetery, hangedman_vaults_hard_town_square,
          nicolae_vaults_border_crossing,
          vaults_standard_mumra_enter_the_diamond, vaults_mumra_hexcomb,
          grunt_vaults_diagonal, nicolae_vaults_diagonal_hallway_8, v_misc_25,
          vaults_dpeg_ring, layout_vaults_quadrants
Vaults:4: gammafunk_vaults_ghost_split, hangedman_vaults_stream,
          nicolae_vaults_alarming, hangedman_vaults_trim,
          vaults_mumra_chevron_long, v_misc_3, nicolae_vaults_network_quincunx
          [nicolae_vaults_network_quincunx_subvault,
          nicolae_vaults_network_quincunx_subvault,
          nicolae_vaults_network_quincunx_subvault,
          nicolae_vaults_network_quincunx_subvault,
          nicolae_vaults_network_quincunx_subvault], v_rooms_4,
          nicolae_vaults_diagonal_hallway_9, vaults_dpeg_diagonal,
          ontoclasm_vaults_ring_small, layout_vaults_maze_bifur, serial_shops,
          nicolae_shop_behind_doors, uniq_xtahua
Vaults:5: serial_shops
Crypt:1:  layout_rooms
Crypt:2:  layout_basic, basic_altar, roderic_lattice_octagonal_star
Crypt:3:  evilmike_haunted_forest
Depths:1: layout_honeycomb, hell_entry, kennysheep_nub,
          minmay_guarded_unrand_wrath_of_trog, serial_bayou_shore_a,
          serial_bayou_shore_b
Depths:2: hangedman_slaughterboxes, hell_entry, abyss_entry
Depths:3: cheibrodos_hall_of_evolution, layout_basic, rand_demon_pan_entry_5,
          infiniplex_staircase_squiggle, grunt_metal_band, kennysheep_donut,
          uniq_bai_suzhen
Depths:4: minmay_the_grid_square_5x5_5x5_mashed
          [minmay_the_grid_square_5x5_detours,
          minmay_the_grid_square_5x5_shrine2, minmay_the_grid_square_5x5_three,
          minmay_the_grid_square_5x5_eight_small,
          minmay_the_grid_square_5x5_spiral_small,
          minmay_the_grid_square_5x5_empty,
          minmay_the_grid_square_5x5_prize_pseudospiral,
          minmay_the_grid_square_5x5_checkered_statues,
          minmay_the_grid_square_5x5_prize_deathbox,
          minmay_the_grid_square_5x5_broken_cross,
          minmay_the_grid_square_5x5_inner_i,
          minmay_the_grid_square_5x5_half_checkered,
          minmay_the_grid_square_5x5_prize_junk,
          minmay_the_grid_square_5x5_inner_z,
          minmay_the_grid_square_5x5_inverted_slash,
          minmay_the_grid_square_5x5_n,
          minmay_the_grid_square_5x5_prize_rear_guard,
          minmay_the_grid_square_5x5_bracketed,
          minmay_the_grid_square_5x5_prize_snowflake,
          minmay_the_grid_square_5x5_checkered_sparse,
          minmay_the_grid_square_5x5_six_small,
          minmay_the_grid_square_5x5_beaten_path,
          minmay_the_grid_square_5x5_inner_v, minmay_the_grid_square_5x5_eight,
          minmay_the_grid_square_5x5_n_small], layout_gridlike, hell_entry,
          minmay_room_of_horrors, serial_shops, kennysheep_little_box,
          nicolae_shop_trees, chequers_serial_rivers_large_a
Depths:5: grunt_zot_entry_gee_three, layout_cross, marbit_kobold_abyss_entry,
          hangedman_decor_points, hell_entry, glass_columns_a,
          minmay_stone_trees_medium, evilmike_butchery
Hell
Zot:1:    grunt_deathspiral_small, layout_concentric_octagons
Zot:2:    layout_gridville, lemuel_golem_globe, grunt_megastairs_1
Zot:3:    layout_onion_interference
Zot:4:    gammafunk_sealed_library, layout_cellular_growth,
          gammafunk_ghost_wrathful_warriors, amethyst_zot_foddershock
Zot:5:    layout_basic

Skill      XL: |  1  2  3  4  5  6  7  8  9 10 11 12 13 14 15 16 17 18 19 20 21 22 23 24 25 26 27 |
---------------+----------------------------------------------------------------------------------+-----
Axes           | 4 5 11 15 18 20 22 24 25 27 | 27.0
Fighting       | 4 5 6 7 8 9 11 13 14 16 17 20 22 24 26 27 | 27.0
Armour         | 3 4 5 6 7 9 10 11 14 17 19 22 23 24 25 26 27 | 27.0
Maces & Flails | 1 6 9 10 11 | 11.6
Dodging        | 3 6 13 | 13.8
Throwing       | 2 5 7 9 10 11 14 16 | 16.0
Evocations     | 11 15 17 18 27 | 27.0
Staves         | 12 | 12.2
Polearms       | |  0.7
Stealth        | |  0.3

Action                   |  1- 3 |  4- 6 |  7- 9 | 10-12 | 13-15 | 16-18 | 19-21 | 22-24 | 25-27 || total
-------------------------+-------+-------+-------+-------+-------+-------+-------+-------+-------++-------
Melee: Hand axe          |    71 |    97 |       |       |       |       |       |       |       ||   168
       Headbutt          |    11 |    16 |    81 |   107 |   176 |   273 |   249 |   240 |   502 ||  1655
       Falchion          |       |    35 |    39 |       |       |       |       |       |       ||    74
       Mace              |       |       |    27 |       |       |       |       |       |       ||    27
       Trident           |       |       |    12 |       |       |       |       |       |       ||    12
       Flail             |       |       |   282 |   127 |       |       |       |       |       ||   409
       Morningstar       |       |       |       |   120 |       |       |       |       |       ||   120
       Executioner's axe |       |       |       |   271 |   706 |   927 |   910 |   876 |  1791 ||  5481
       Great mace        |       |       |       |       |    19 |       |       |       |       ||    19
       Lajatang          |       |       |       |       |       |       |       |       |    41 ||    41
Throw: Stone             |       |       |     3 |     7 |       |       |       |       |       ||    10
       Boomerang         |       |       |       |     7 |     5 |     7 |       |       |       ||    19
       Dart              |       |       |       |     7 |       |       |       |       |       ||     7
       Javelin           |       |       |       |       |       |       |     2 |       |       ||     2
Invok: Berserk           |     2 |     2 |     2 |     7 |     2 |     4 |    11 |     3 |     6 ||    39
       Trog's Hand       |       |     3 |       |     2 |     8 |    11 |    17 |    14 |    12 ||    67
       Brothers in Arms  |       |       |       |     4 |    10 |     4 |     8 |     2 |     5 ||    33
 Abil: Evoke Flight      |       |       |       |       |       |     6 |       |       |       ||     6
Evoke: Wand              |       |       |       |       |       |     3 |     2 |     1 |     5 ||    11
       Horn of Geryon    |       |       |       |       |       |       |       |       |     2 ||     2
  Use: Scroll            |       |     7 |     4 |    16 |    11 |    13 |    11 |    11 |    30 ||   103
       Potion            |       |       |       |       |     7 |       |     1 |     4 |    11 ||    23
 Stab: Petrified         |       |       |       |       |     5 |       |       |       |       ||     5
       Distracted        |       |       |       |       |     1 |       |       |     1 |       ||     2
       Confused          |       |       |       |       |       |     1 |       |       |     3 ||     4
Armor: Scale mail        |    17 |       |       |       |       |       |       |       |       ||    17
       Chain mail        |    17 |    74 |   105 |       |       |       |       |       |       ||   196
       Plate armour      |       |       |   120 |   372 |   442 |   824 |   596 |    49 |       ||  2403
       Crystal plate arm |       |       |       |       |       |       |       |   596 |  1451 ||  2047
Dodge: Dodged            |    37 |    39 |   172 |   242 |   315 |   459 |   426 |   274 |   641 ||  2605
Block: Other             |       |       |       |       |       |       |       |   116 |   303 ||   419
       Reflection        |       |       |       |       |       |       |       |    12 |     8 ||    20
       Rpst.: Falchion   |       |     1 |     8 |       |       |       |       |       |       ||     9

Table legend: (Time is in decaauts)
 A = Elapsed time spent in this place.
 B = Non-inter-level travel time spent in this place.
 C = Inter-level travel time spent in this place.
 D = Time resting spent in this place.
 E = Time spent auto-exploring this place.
 F = Levels seen in this place.
 G = Mean time per level.
                   A        B        C        D        E       F      G
               +--------+--------+--------+--------+--------+-----+--------+
         Total |  91571 |  78393 |  13178 |  22302 |  34620 |  65 | 1408.8 |
       Dungeon |  18891 |  14809 |   4082 |   2744 |   8360 |  15 | 1259.4 |
          Lair |   8806 |   7700 |   1106 |   1915 |   4554 |   6 | 1467.7 |
         Swamp |   5457 |   4876 |    581 |   1134 |   2584 |   4 | 1364.2 |
     Snake Pit |   5461 |   5028 |    433 |   1470 |   2329 |   4 | 1365.2 |
    Slime Pits |   4206 |   3707 |    499 |   1413 |   1302 |   5 |  841.2 |
  Orcish Mines |   3906 |   3183 |    723 |    451 |   2019 |   2 | 1953.0 |
   Elven Halls |   4469 |   4071 |    398 |    756 |   1923 |   3 | 1489.7 |
        Vaults |  13165 |  11073 |   2092 |   3510 |   3960 |   5 | 2633.0 |
         Crypt |   3518 |   3347 |    171 |    780 |   1400 |   3 | 1172.7 |
        Depths |  11439 |   9235 |   2204 |   3248 |   3201 |   5 | 2287.8 |
          Hell |     80 |     80 |      0 |      0 |      0 |   1 |   80.0 |
           Zot |   8163 |   7276 |    887 |   3065 |   2293 |   5 | 1632.6 |
         Abyss |     90 |     90 |      0 |     36 |      0 |   1 |   90.0 |
        Bazaar |     48 |     48 |      0 |      0 |      0 |   1 |   48.0 |
         Trove |     51 |     51 |      0 |      0 |      0 |   1 |   51.0 |
       Ossuary |    644 |    644 |      0 |    198 |    243 |   1 |  644.0 |
        Bailey |   1153 |   1153 |      0 |    670 |      0 |   1 | 1153.0 |
      Ice Cave |    917 |    917 |      0 |    520 |    144 |   1 |  917.0 |
      Gauntlet |   1098 |   1098 |      0 |    389 |    306 |   1 | 1098.0 |
               +--------+--------+--------+--------+--------+-----+--------+

Top non-repeatable levels by time:
Vaults:3: 3853 daAuts
Vaults:2: 3346 daAuts
Depths:2: 3262 daAuts
Depths:4: 3121 daAuts
   Orc:2: 3104 daAuts
 Crypt:3: 2292 daAuts
Vaults:4: 2217 daAuts
   Zot:2: 2203 daAuts
   Zot:4: 2164 daAuts
  Lair:6: 2110 daAuts
Depths:1: 2103 daAuts
   Elf:3: 2076 daAuts
 Snake:4: 1996 daAuts
    D:13: 1971 daAuts
   Zot:1: 1969 daAuts
